 Dungeon Crawl Stone Soup version 0.31-a0-819-gf6de2f5ab6 (webtiles) character file.

Game seed: 5222833290339266024

7124 Pooter the Cleaver (level 10, -9/95 HPs)
             Began as a Minotaur Fighter on Sept 24, 2023.
             Was an Initiate of Gozag.
             Mangled by a +2 dire flail of chaos (20 damage)
             ... on level 9 of the Dungeon.
             The game lasted 00:41:33 (9703 turns).

Pooter the Cleaver (Minotaur Fighter)               Turns: 9703, Time: 00:41:35

Health: -9/95      AC: 13    Str: 25    XL:     10   Next: 85%
Magic:  0/9        EV:  7    Int:  8    God:    Gozag
Gold:   815        SH:  0    Dex: 16    Spells: 9/9 levels left

rFire   . . .        a - +6 battleaxe (freeze)
rCold   x . .        (shield currently unavailable)
rNeg    . . .        q - +1 plate armour
rPois   +            s - +0 hat
rElec   +            (no cloak)
rCorr   .            (no gloves)
SInv    .            M - +0 pair of boots
Will    .....        J - amulet of the Lost Tables {Faith rElec rPois rC- Regen+ Int-3} Stlth
                     u - +6 ring of dexterity
HPRegen 1.15/turn    k - +6 ring of intelligence
MPRegen 0.11/turn

%: faith
@: mighty, lethally poisoned (-9 -> -10), gold aura
A: horns 2, retaliatory headbutt
a: Renounce Religion, Potion Petition, Call Merchant, Bribe Branch


You were on level 9 of the Dungeon.
You worshipped Gozag.
Gozag was pleased with you.
You visited 2 branches of the dungeon, and saw 10 of its levels.
You also visited: Ossuary.

You collected 920 gold pieces.
You spent 22 gold pieces at shops.
You paid 83 gold pieces to Gozag.

Inventory:

Hand Weapons
 a - a +6 battleaxe of freezing (weapon)
   (You took it off a wight on level 8 of the Dungeon)
 b - a +0 heavy sling
   (You found it on level 8 of the Dungeon)
 i - a +0 morningstar
   (You took it off an orc warrior on level 9 of the Dungeon)
 N - a +0 war axe
Missiles
 c - 8 poisoned darts
 r - 2 throwing nets {!f}
 I - 7 boomerangs (quivered)
 Q - 73 stones
Armour
 q - a +1 plate armour (worn)
   (You found it on level 3 of the Dungeon)
 s - a +0 hat (worn)
   (You found it on level 4 of the Dungeon)
 w - the +3 leather armour "Tuq Raxt" {rPois rF+ rC+ Int+2}
   (You found it on level 4 of the Dungeon)

   Int+2:     It affects your intelligence (+2).
   rF+:       It protects you from fire.
   rC+:       It protects you from cold.
   rPois:     It protects you from poison
 K - a +2 buckler
   (You found it on level 6 of the Dungeon)
 M - a +0 pair of boots (worn)
   (You found it on level 3 of the Dungeon)
Jewellery
 g - an amulet of magic regeneration
   (You found it on level 1 of the Dungeon)
 k - a +6 ring of intelligence (right hand)
   (You found it on level 9 of the Dungeon)
 u - a +6 ring of dexterity (left hand)
   (You found it on level 4 of the Dungeon)
 y - the amulet of the Wereyak {Faith Contam Str+5}
   (You found it on level 4 of the Dungeon)

   [amulet of faith]

   Faith:     It allows you to gain divine favour quickly.
   Str+5:     It affects your strength (+5).
   Contam:    It causes magical contamination when unequipped.
 J - the amulet of the Lost Tables (around neck) {Faith rElec rPois rC- Regen+ Int-3}
   (You found it on level 6 of the Dungeon)

   [amulet of faith]

   Faith:     It allows you to gain divine favour quickly.
   Int-3:     It affects your intelligence (-3).
   rC-:       It makes you vulnerable to cold.
   rElec:     It insulates you from electricity.
   rPois:     It protects you from poison Regen+: It increases your rate of
   health regeneration.
 W - a ring of wizardry
   (You found it on level 4 of the Dungeon)
Wands
 d - a wand of iceblast (3)
   (You found it on level 5 of the Dungeon)
 l - a wand of polymorph (4)
   (You took it off an orc on level 9 of the Dungeon)
Scrolls
 f - 5 scrolls of immolation {!r}
 h - a scroll of torment {!r}
 m - 2 scrolls of poison {!r}
 o - 3 scrolls of fear
 t - 6 scrolls of teleportation {@r4}
 x - 2 scrolls of vulnerability {!r}
 E - 2 scrolls of fog
 G - a scroll of noise {!r}
 P - 2 scrolls of enchant armour
Potions
 e - 2 potions of brilliance {unknown}
 j - 3 potions of invisibility {unknown}
 n - a potion of enlightenment {unknown}
 p - 3 potions of ambrosia {unknown}
 v - 3 potions of heal wounds {@q2}
 z - 2 potions of lignification {unknown}
 A - 5 potions of curing {@q1}
 B - 2 potions of haste {unknown}
 D - 2 potions of mutation {!q}
 F - a potion of magic {unknown}
 H - 4 potions of might
 L - a potion of cancellation {unknown}


   Skills:
 + Level 11.1 Fighting
 * Level 14.6 Axes
 * Level 8.0 Ranged Weapons
 - Level 3.6 Armour
 - Level 3.6 Shields


You had 9 spell levels left.
You didn't know any spells.
Your spell library contained the following spells:

 Spells                   Type           Power      Damage    Failure   Level
 Ensorcelled Hibernation  Hex/Ice        0%         N/A       100%        2
 Passwall                 Tmut/Erth      0%         N/A       100%        2
 Sublimation of Blood     Necr           0%         N/A       100%        2
 Hailstorm                Conj/Ice       0%         3d3       100%        3
 Swiftness                Air            0%         N/A       100%        3
 Petrify                  Tmut/Erth      0%         N/A       100%        4
 Summon Ice Beast         Ice/Summ       0%         N/A       100%        4
 Irradiate                Conj/Tmut      0%         3d11      100%        5
 Simulacrum               Ice/Necr       Unusable   N/A       N/A         6

Dungeon Overview and Level Annotations

Branches:
Dungeon (9/15) Zot: 26602  Temple (1/1) D:6 Zot: 5971    Lair (0/5) D:8
Ossuary (visited)
    Orc: D:9-12

Altars:
Ashenzari
Cheibriados
Dithmenos
Elyvilon
Fedhas
Gozag
Hepliaklqana
Kikubaaqudgha
Makhleb
Nemelex Xobeh
Okawaru
Ru
Sif Muna
Uskayaw
Vehumet
Wu Jian
Xom
Yredelemnul
The Shining One

Shops:
D:4 ?   D:8 [


Innate Abilities, Weirdness & Mutations

You have a pair of horns on your head.
You reflexively headbutt those who attack you in melee.


Message History

a +0 mace; a +0 plate armour You now have enough gold to fund merchants seeking to open stores in the dungeon.
You now have 815 gold pieces (gained 16).
You see here a +0 shortbow.
The +2 dire flail of chaos is distracted by your dazzling golden aura.
Press: ? - help, v - describe, . - travel, g - get item
Here: Sundig's ghost (fire blocked by a runed translucent door) Item here: an encrusted garnet ring.
A shimmering altar of Xom.
Unknown command.
You open the door.
Sundig's ghost takes a fighting stance.
You slash Sundig's ghost! You freeze Sundig's ghost.
You headbutt Sundig's ghost.
The +2 dire flail of chaos is no longer distracted by gold.
Sundig's ghost barely misses you.
You closely miss Sundig's ghost. Sundig's ghost barely misses you.
You barely miss Sundig's ghost. You headbutt Sundig's ghost.
Sundig's ghost hits you!
You slice Sundig's ghost!! You freeze Sundig's ghost.
Your headbutt misses Sundig's ghost.
Sundig's ghost hits you but does no damage.
You barely miss Sundig's ghost. You headbutt Sundig's ghost.
Sundig's ghost barely misses you. You furiously retaliate!
You headbutt Sundig's ghost!!
You destroy Sundig's ghost!
Your Fighting skill increases to level 11!
Your Ranged Weapons skill increases to level 8!
You miss the +2 dire flail of chaos.
You headbutt the +2 dire flail of chaos!
The +2 dire flail of chaos hits you.
You closely miss the +2 dire flail of chaos.
Your headbutt misses the +2 dire flail of chaos.
The +2 dire flail of chaos hits you!!
* * * LOW HITPOINT WARNING * * *
You are poisoned.
The +2 dire flail of chaos hits you!!
* * * LOW HITPOINT WARNING * * *
You feel your power leaking away.
* * * LOW MAGIC WARNING * * *
You miss the +2 dire flail of chaos.
Your headbutt misses the +2 dire flail of chaos.
You feel very sick. The +2 dire flail of chaos hits you.
* * * LOW HITPOINT WARNING * * *
You slash the +2 dire flail of chaos!
You feel very sick. The +2 dire flail of chaos hits you!!
You die...
Your body crumbles into a pile of gold.

#..$o....# ###.###
##.....## #.......#
#.#.......#########$#
............)).......#
##.######..###)..####
#. ##.#.....### #
#####.#..@....##
#......##(##...##
#.###..#(_.#..... #.#
#..##.###..##
#.###..####.#..# #
#......####.#..# .#
###.##.##...#..######.#
#.#
#.##.#..............#
#.# #.##.#..###.......#


You could see a +2 dire flail of chaos.

Vanquished Creatures
  A centaur warrior (D:9)
  A tengu warrior (D:9)
  The ghost of Sundig the Trooper, a novice DgFi (D:9)
  Pikel (D:4)
  A rime drake (D:8)
  Psyche (D:8)
  A tengu conjurer (D:9)
  A troll (D:9)
  Prince Ribbit (D:8)
  2 wyverns
  A steam dragon (D:7)
  2 sky beasts (D:7)
  4 ice beasts (D:8)
  2 orc warriors (D:9)
  A black bear (D:6)
  An ogre (D:4)
  A wolf (D:8)
  8 centaurs
  2 kobold brigands
  2 bullfrogs
  A gnoll sergeant (D:8)
  2 scorpions
  3 wights (D:8)
  4 howler monkeys
  2 centaur zombies (Ossuary)
  5 hounds
  4 jellies
  4 orc priests
  A human zombie (Ossuary)
  2 iguanas (D:5)
  5 orc wizards
  3 mummies (Ossuary)
  11 gnolls
  5 adders
  2 shadow imps
  3 white imps
  An ufetubus (D:5)
  A worm (D:3)
  4 dart slugs
  19 orcs
  5 endoplasms
  5 giant cockroaches
  3 gnoll zombies (Ossuary)
  5 goblins
  5 hobgoblins
  2 jackals (D:1)
  4 quokkas
  9 ball pythons
  7 bats
  4 frilled lizards
  2 goblin zombies (Ossuary)
  18 kobolds
  5 rats
191 creatures vanquished.

Notes
Turn   | Place    | Note
-------+----------+-------------------------------------------
     0 | D:1      | Pooter the Minotaur Fighter began the quest for the Orb.
     0 | D:1      | Reached XP level 1. HP: 19/19 MP: 0/0
   129 | D:1      | Reached skill level 3 in Axes
   134 | D:1      | Reached XP level 2. HP: 27/27 MP: 1/1
   992 | D:2      | Reached XP level 3. HP: 33/33 MP: 2/2
  1146 | D:2      | Reached skill level 4 in Axes
  1203 | D:2      | Found a faded altar of an unknown god.
  1778 | D:3      | Noticed a scorpion
  1788 | D:3      | Killed a scorpion
  1789 | D:3      | Reached skill level 5 in Axes
  1789 | D:3      | Reached XP level 4. HP: 30/41 MP: 3/3
  1937 | D:3      | Reached skill level 5 in Fighting
  1937 | D:3      | Reached XP level 5. HP: 41/48 MP: 4/4
  2575 | D:4      | Noticed an ogre
  2584 | D:4      | Killed an ogre
  2585 | D:4      | Reached skill level 6 in Axes
  2585 | D:4      | Reached XP level 6. HP: 56/56 MP: 5/5
  2691 | D:4      | Identified the +3 leather armour "Tuq Raxt" {rPois rF+ rC+
                  | Int+2}
  2819 | D:4      | Noticed a wyvern
  2824 | D:4      | Killed a wyvern
  2825 | D:4      | Reached skill level 7 in Axes
  3151 | D:4      | Identified the amulet of the Wereyak {Faith Contam Str+5}
  3266 | D:4      | Found Ibef's Magic Scroll Shop.
  3276 | D:4      | Bought a scroll of identify for 22 gold pieces
  3338 | D:4      | Reached XP level 7. HP: 64/64 MP: 6/6
  3501 | D:4      | Noticed Pikel
  3513 | D:4      | Killed Pikel
  3514 | D:4      | Reached skill level 9 in Axes
  4018 | D:5      | Entered Level 5 of the Dungeon
  4024 | D:5      | Reached XP level 8. HP: 69/73 MP: 7/7
  4099 | D:5      | Found a sand-covered staircase.
  4114 | Ossuary  | Entered an ossuary
  4613 | D:5      | Reached skill level 10 in Axes
  5257 | D:6      | Reached skill level 11 in Axes
  5360 | D:6      | Identified the amulet of the Lost Tables {Faith rElec rPois
                  | rC- Regen+ Int-3}
  5559 | D:6      | Found a staircase to the Ecumenical Temple.
  5567 | Temple   | Entered the Ecumenical Temple
  5581 | Temple   | Became a worshipper of Gozag Ym Sagoz the Greedy
  5899 | D:7      | Reached XP level 9. HP: 68/83 MP: 8/8
  6144 | D:7      | Reached skill level 12 in Axes
  6144 | D:7      | Reached skill level 1 in Ranged Weapons
  6704 | D:8      | Noticed a rime drake
  6721 | D:8      | Killed a rime drake
  6732 | D:8      | Reached skill level 10 in Fighting
  6732 | D:8      | Reached skill level 13 in Axes
  7311 | D:8      | Reached skill level 5 in Ranged Weapons
  8423 | D:8      | Reached XP level 10. HP: 52/93 MP: 9/9
  8788 | D:8      | Noticed Prince Ribbit
  8794 | D:8      | Killed Prince Ribbit
  8833 | D:8      | Noticed Psyche
  8846 | D:8      | Killed Psyche
  8945 | D:8      | Found Iptoweg's Armour Boutique.
  8985 | D:8      | Found a staircase to the Lair.
  9536 | D:9      | Found an ancient bone altar of Kikubaaqudgha.
  9579 | D:9      | Found a glowing golden altar of the Shining One.
  9653 | D:9      | Noticed a tengu warrior
  9663 | D:9      | Killed a tengu warrior
  9664 | D:9      | Reached skill level 14 in Axes
  9664 | D:9      | Noticed a centaur warrior
  9674 | D:9      | Found a runed translucent door.
  9674 | D:9      | Found a shimmering altar of Xom.
  9674 | D:9      | Noticed Sundig's ghost (novice DgFi)
  9674 | D:9      | Noticed a +2 dire flail of chaos
  9681 | D:9      | Killed a centaur warrior
  9699 | D:9      | Killed Sundig's ghost
  9703 | D:9      | Mangled by a +2 dire flail of chaos

Illustrated notes

Levels and vault maps discovered:
D:1:      onia_arrival_mini_maze, layout_basic, minmay_pentomino_r2
D:2:      layout_rooms, hellmonk_ecumenical_altar_pennies_from_heaven
D:3:      layout_basic, minmay_misc_feat_square
D:4:      layout_gridville, serial_shops, nicolae_lakefront_shop, uniq_pikel
D:5:      layout_loops_ring, enter_ossuary_1
D:6:      layout_cave_pools, minmay_temple_entry_wispy
D:7:      layout_rooms
D:8:      layout_basic, hellmonk_lair_entry_icy, serial_shops, shop,
          skrybe_limestone_x, centaur_isle, uniq_prince_ribbit1, uniq_psyche
D:9:      minmay_curly_fans, layout_loops_ring, lemuel_crystal_altar,
          mainiacjoe_overflow_chevrons, mainiacjoe_overflow_six_doors_small,
          ebering_ghost_xom, minmay_misc_feat_hallway
Temple:   compressed_dpeg_triangle_lava_temple

Skill      XL: |  1  2  3  4  5  6  7  8  9 10 |
---------------+-------------------------------+-----
Axes           | 3 5 6 7 9 11 13 14 | 14.6
Fighting       | 4 5 6 7 9 10 11 | 11.1
Ranged Weapons | 5 8 |  8.0
Armour         | |  3.6
Shields        | |  3.6

Action                     |  1- 3 |  4- 6 |  7- 9 | 10-12 || total
---------------------------+-------+-------+-------+-------++-------
  Melee: War axe           |   100 |    70 |   215 |       ||   385
         Headbutt          |    12 |    11 |    39 |     9 ||    71
         Battleaxe         |       |       |       |    61 ||    61
   Fire: Sling             |       |       |    36 |    22 ||    58
  Throw: Stone             |       |     4 |       |       ||     4
         Dart              |       |       |       |     1 ||     1
  Evoke: Wand              |       |       |     4 |     2 ||     6
    Use: Scroll            |     3 |     2 |     3 |     8 ||    16
         Potion            |       |       |     2 |     2 ||     4
   Stab: Distracted        |       |       |     4 |       ||     4
 Armour: Scale mail        |    51 |       |       |       ||    51
         Plate armour      |    17 |    40 |   220 |    89 ||   366
         Leather armour    |       |    12 |    19 |       ||    31
  Dodge: Dodged            |    51 |    22 |    82 |    25 ||   180
  Block: Buckler           |    24 |    18 |    62 |       ||   104

Table legend: (Time is in decaauts)
 A = Elapsed time spent in this place.
 B = Non-inter-level travel time spent in this place.
 C = Inter-level travel time spent in this place.
 D = Time resting spent in this place.
 E = Time spent auto-exploring this place.
 F = Levels seen in this place.
 G = Mean time per level.
                   A        B        C        D        E       F      G
               +--------+--------+--------+--------+--------+-----+--------+
         Total |   9812 |   9495 |    317 |   3181 |   4670 |  11 |  892.0 |
       Dungeon |   9328 |   9024 |    304 |   2939 |   4649 |   9 | 1036.4 |
        Temple |     28 |     15 |     13 |      0 |      0 |   1 |   28.0 |
       Ossuary |    455 |    455 |      0 |    242 |     21 |   1 |  455.0 |
               +--------+--------+--------+--------+--------+-----+--------+

Top non-repeatable levels by time:
     D:8: 2660 daAuts
     D:4: 1585 daAuts
     D:3: 1010 daAuts
     D:1: 1001 daAuts
     D:7: 860 daAuts
     D:5: 703 daAuts
     D:6: 636 daAuts
     D:2: 473 daAuts
 Ossuary: 455 daAuts
     D:9: 396 daAuts
  Temple: 28 daAuts
